 Dungeon Crawl Stone Soup version 0.28-a0-447-g1f95980246 (webtiles) character file.

Game seed: 17168304598766152429

559 bjtr the Conjurer (level 6, -2/48 HPs)
             Began as a Demigod Conjurer on Sept 13, 2021.
             Killed from afar by an oklob plant (29 damage)
             ... with a splash of acid
             ... on level 4 of the Dungeon.
             The game lasted 00:20:50 (5577 turns).

bjtr the Conjurer (Demigod Conjurer)                Turns: 5577, Time: 00:20:50

Health: -2/48      AC:  4    Str:  8    XL:     6   Next: 82%
Magic:  13/13      EV: 11    Int: 28    God:
Gold:   138        SH:  0    Dex: 12    Spells: 8/11 levels left

rFire   . . .      SeeInvis .   a - +0 scythe
rCold   . . .      Faith    .   (shield currently unavailable)
rNeg    . . .      Spirit   .   e - +0 leather armour
rPois   .          Reflect  .   (no helmet)
rElec   .          Harm     .   (no cloak)
rCorr   .          Rampage  .   z - +0 pair of gloves
Will    .....                   (no boots)
Stlth   ++........              (no amulet)
HPRegen 0.16/turn               l - +4 ring of protection
MPRegen 0.13/turn               (no ring)

@: corroded
A: high mp 1, forlorn
a: no special abilities


You were on level 4 of the Dungeon.
You visited 1 branch of the dungeon, and saw 4 of its levels.

You collected 138 gold pieces.

Inventory:

Hand Weapons
 a - a +0 scythe (weapon)
 b - a +0 hunting sling
 d - a +0 dagger
 j - a +0 short sword
 s - a +0 short sword
 t - a +0 mace
 A - a +0 vampiric dagger
 B - a +0 dagger of venom
 C - a +1 vampiric short sword
Missiles
 c - 21 poisoned darts
 g - 27 bolts
 h - 115 stones
 u - 14 boomerangs
 w - 20 sling bullets
 D - 3 silver javelins
Armour
 e - a +0 leather armour (worn)
 f - a +0 ring mail
 z - a +0 pair of gloves (worn)
Jewellery
 l - a +4 ring of protection (left hand)
 p - a ring of ice
Wands
 q - a wand of polymorph (4)
Scrolls
 v - 3 scrolls of magic mapping {unknown}
 x - 2 scrolls of fog {unknown}
 y - a scroll of teleportation {unknown}
Potions
 i - a potion of cancellation {unknown}
 k - 3 potions of resistance
 m - a potion of mutation
 n - a potion of curing {unknown}
 o - 2 potions of might {unknown}
 r - a potion of lignification {unknown}
 E - a potion of heal wounds {unknown}


   Skills:
 * Level 2.0 Fighting
 * Level 3.3 Armour
 + Level 2.5 Dodging
 - Level 1.7 Stealth
 * Level 2.0 Shields
 * Level 3.0 Spellcasting
 * Level 5.0 Conjurations


You had 8 spell levels left.
You knew the following spells:

 Your Spells              Type           Power      Damage    Failure   Level
a - Magic Dart            Conj           100%       1d8       1%          1
b - Searing Ray           Conj           64%        2d6       2%          2

Your spell library contained the following spells:

 Spells                   Type           Power      Damage    Failure   Level
 Dazzling Flash           Conj/Hex       36%        N/A       12%         3
 Fulminant Prism          Conj/Hex       9%         3d7       38%         4
 Iskenderun's Mystic Bla  Conj/Tloc      18%        2d6       38%         4


Dungeon Overview and Level Annotations

Branches:
Dungeon (4/15)
 Temple: D:4-7

Shops:
D:3 !

Annotations:
D:4 exclusion: oklob plant


Innate Abilities, Weirdness & Mutations

Your attributes grow dramatically as you level up.
You have an increased reservoir of magic. (+10% MP)
You shall have no god before yourself.


Message History

You slash the fungus!
The fungus begins to die.
The fungus is lightly damaged.
You hit the fungus.
The fungus is lightly damaged.
You hit the fungus.
The fungus is lightly damaged.
A nearby fungus withers and dies.
Really walk into a travel-excluded area?
Okay, then.
Really walk into a travel-excluded area?
You slash the fungus!
The fungus begins to die.
The fungus is lightly damaged.
You hit the fungus but do no damage.
The fungus is lightly damaged.
A nearby fungus withers and dies.
You completely miss the fungus. You slash the fungus!
The fungus begins to die.
The fungus is lightly damaged.
You slash the fungus!
The fungus is lightly damaged.
A nearby fungus withers and dies.
Really walk into a travel-excluded area?
You slash the fungus!
The fungus begins to die.
The fungus is lightly damaged.
You slash the fungus!
The fungus begins to die.
The fungus is lightly damaged.
You slash the fungus!
The fungus is lightly damaged.
A nearby fungus withers and dies. x2
You slash the plant!
The plant begins to die.
The plant is lightly damaged.
You hit the plant.
The plant is lightly damaged.
A nearby plant withers and dies.
The oklob plant spits acid at you. The splash of acid hits you!!
The acid corrodes you! The oklob plant spits acid at you.
The splash of acid hits you!!
Ouch! That really hurt!
You die...

#.#PP.≈≈≈≈≈≈≈≈≈≈≈.PPP.### #.#
#.#PP..≈≈≈≈≈≈≈≈≈....PP#.# #.#
#.#PPP..≈≈≈≈≈≈≈..PPPPP#.# #.#
#.#PPP...≈≈≈≈≈..P#P.P##.# #.#
#.#PP..........PPPP.PP#.# #.#
#.#P..PP#.#P#P#PPP#..P#.# #.#
#.#P.P##PP##PPPP.P..P##.# #.#
#.#PP......PP.#.#..PP.#.######.#
#.#PP..#PP#..P.#@#PP #........#
#.################ # ##.########
#.######.# #.# #..### #####
#........# ##.##### #....# #....
########.# #......###.##.###.###
#.# #........)........... #.#
#...##.###........... #.#
##.###.###..#.##..###
#.#####.#.....#..#.##..#


You could see an oklob plant.

Vanquished Creatures
  Duvessa (D:4)
  Purgy (D:4)
  Dowan (D:4)
  A howler monkey (D:4)
  3 hounds
  A jelly (D:4)
  Natasha (thrice) (D:2)
  2 adders
  2 worms
  2 dart slugs (D:4)
  3 orcs
  3 endoplasms
  A giant cockroach (D:3)
  12 goblins
  2 hobgoblins
  6 quokkas
  7 ball pythons
  A bat (D:2)
  3 frilled lizards
  9 kobolds
  5 rats
69 creatures vanquished.

Vanquished Creatures (others)
  9 fungi (D:4)
  12 plants (D:4)
21 creatures vanquished.

Grand Total: 90 creatures vanquished

Notes
Turn   | Place    | Note
-------+----------+-------------------------------------------
     0 | D:1      | bjtr the Demigod Conjurer began the quest for the Orb.
     0 | D:1      | Reached XP level 1. HP: 14/14 MP: 5/5
   433 | D:1      | Reached XP level 2. HP: 22/22 MP: 2/7
   494 | D:1      | Reached skill level 4 in Conjurations
   503 | D:1      | Learned a level 2 spell: Searing Ray
  1243 | D:2      | Reached XP level 3. HP: 27/27 MP: 3/8
  1739 | D:2      | Noticed Sigmund
  1799 | D:2      | Noticed Natasha
  1807 | D:2      | Killed Natasha
  1808 | D:2      | Reached skill level 1 in Armour
  1860 | D:2      | Noticed Natasha
  1929 | D:2      | Killed Natasha
  1930 | D:2      | Reached XP level 4. HP: 20/34 MP: 1/10
  2138 | D:2      | Noticed Natasha
  2143 | D:2      | Killed Natasha
  2144 | D:2      | Reached skill level 1 in Fighting
  2375 | D:2      | Noticed Sigmund
  2375 | D:2      | Sigmund changed into Sigmund the hound
  2383 | D:2      | Killed Sigmund the hound
  2384 | D:2      | Reached skill level 1 in Shields
  3514 | D:3      | Reached XP level 5. HP: 40/40 MP: 8/11
  3554 | D:3      | Found Evemuely's Distillery.
  4177 | D:4      | Noticed Duvessa
  4184 | D:4      | Noticed Dowan
  4764 | D:4      | Killed Duvessa
  4765 | D:4      | Reached XP level 6. HP: 36/47 MP: 3/13
  4843 | D:4      | Killed Dowan
  5004 | D:4      | Reached skill level 5 in Conjurations
  5072 | D:4      | Noticed Purgy
  5079 | D:4      | Killed Purgy
  5246 | D:4      | Noticed an oklob plant
  5577 | D:4      | Killed from afar by an oklob plant

Illustrated notes

Levels and vault maps discovered:
D:1:      evilmike_arrival_plus, layout_basic,
          ebering_ecumenical_altar_abandoned
D:2:      layout_basic, basic_altar, uniq_sigmund, uniq_natasha
D:3:      layout_basic, serial_shops, shop, kennysheep_nub,
          chequers_hall_statues_y, serial_park_tiny_1
D:4:      layout_loops_ring, tgw_fedhas, uniq_purgy, uniq_duvessa

Skill      XL: |  1  2  3  4  5  6 |
---------------+-------------------+-----
Conjurations   | 4 5 |  5.0
Spellcasting   | 2 3 |  3.0
Armour         | 1 2 3 |  3.3
Fighting       | 1 2 |  2.0
Dodging        | 2 |  2.5
Shields        | 1 2 |  2.0
Stealth        | |  1.7

Action                   |  1- 3 |  4- 6 || total
-------------------------+-------+-------++-------
Melee: Short sword       |    15 |     2 ||    17
       Scythe            |       |    98 ||    98
Throw: Dart              |       |     8 ||     8
 Cast: Magic Dart        |    17 |       ||    17
       Searing Ray       |    19 |    31 ||    50
Evoke: Wand              |       |     1 ||     1
  Use: Scroll            |     1 |     2 ||     3
 Stab: Sleeping          |       |     1 ||     1
Armor: Leather armour    |     5 |    47 ||    52
Dodge: Dodged            |    15 |    87 ||   102

Table legend: (Time is in decaauts)
 A = Elapsed time spent in this place.
 B = Non-inter-level travel time spent in this place.
 C = Inter-level travel time spent in this place.
 D = Time resting spent in this place.
 E = Time spent auto-exploring this place.
 F = Levels seen in this place.
 G = Mean time per level.
                   A        B        C        D        E       F      G
               +--------+--------+--------+--------+--------+-----+--------+
         Total |   5676 |   5472 |    204 |    919 |   3549 |   4 | 1419.0 |
       Dungeon |   5676 |   5472 |    204 |    919 |   3549 |   4 | 1419.0 |
               +--------+--------+--------+--------+--------+-----+--------+

Top non-repeatable levels by time:
     D:3: 1637 daAuts
     D:2: 1580 daAuts
     D:4: 1310 daAuts
     D:1: 1147 daAuts
